 Dungeon Crawl Stone Soup version 0.30.0-29-ga12c61a403 (webtiles) character file.

Game seed: 11535297548979166090

256 cdecastro the Insei (level 6, -5/43 HPs)
             Began as a Merfolk Transmuter on June 6, 2023.
             Was an Initiate of Ru.
             Shot with an arrow by a centaur (7 damage)
             ... on level 5 of the Dungeon.
             The game lasted 00:07:57 (3876 turns).

cdecastro the Insei (Merfolk Transmuter)            Turns: 3876, Time: 00:07:58

Health: -5/43      AC:  4    Str: 16    XL:     6   Next: 16%
Magic:  9/9        EV: 12    Int: 14    God:    Ru [......]
Gold:   178        SH:  5    Dex: 15    Spells: 3/9 levels left

rFire   . .          .
                       - Unarmed
rCold   . . .        (no shield)
rNeg    . . .        a - +0 robe
rPois   .            (no helmet)
rElec   .            l - +0 cloak
rCorr   .            h - +0 pair of gloves
SInv    .            (no boots)
Will    .....        c - amulet of reflection
Stlth   +            n - +6 ring of strength
HPRegen 0.27/turn    (no ring)
MPRegen 0.11/turn

%: reflection
@: no status effects
A: (nimble swimmer 2), mertail
a: Renounce Religion


You were on level 5 of the Dungeon.
You worshipped Ru.
Ru was noncommittal.
You visited 2 branches of the dungeon, and saw 6 of its levels.

You collected 178 gold pieces.

Inventory:

Missiles
 o - 2 curare-tipped darts
 p - 11 poisoned darts
 v - 2 javelins
Armour
 a - a +0 robe (worn)
 h - a +0 pair of gloves (worn)
 l - a +0 cloak (worn)
 r - a +0 helmet
Jewellery
 c - an amulet of reflection (around neck)
 n - a +6 ring of strength (left hand)
Scrolls
 d - 2 scrolls of blinking {unknown}
 g - a scroll of silence {unknown}
 i - 3 scrolls of identify {unknown}
 j - 2 scrolls of fog {unknown}
 k - 3 scrolls of teleportation {unknown}
 m - 2 scrolls of vulnerability {unknown}
 q - a scroll of torment {unknown}
 t - a scroll of noise {unknown}
 y - a scroll of brand weapon {unknown}
 z - a scroll of enchant weapon {unknown}
 A - a scroll of poison {unknown}
Potions
 b - a potion of lignification
 e - a potion of heal wounds {unknown}
 f - 4 potions of cancellation {unknown}
 s - a potion of berserk rage {unknown}
 u - a potion of resistance {unknown}
 w - a potion of mutation {unknown}
 x - 2 potions of attraction {unknown}


   Skills:
 - Level 1.1 Fighting
 - Level 2.6 Dodging
 * Level 6.3 Unarmed Combat
 - Level 2.0 Spellcasting
 + Level 5.1 Transmutations


You had 3 spell levels left.
You knew the following spells:

 Your Spells              Type           Power      Damage    Failure   Level
a - Beastly Appendage     Tmut           30%        N/A       3%          1
b - Wereblood             Tmut           15%        N/A       4%          2
c - Spider Form           Tmut/Pois      8%         N/A       26%         3

Your spell library contained the following spells:

 Spells                   Type           Power      Damage    Failure   Level
 Hailstorm                Conj/Ice       1%         3d3       56%         3
 Ice Form                 Ice/Tmut       8%         N/A       63%         4
 Simulacrum               Ice/Necr       0%         N/A       100%        6


Dungeon Overview and Level Annotations

Branches:
Dungeon (5/15)             Temple (1/1) D:5

Altars:
Dithmenos
Fedhas
Gozag
Hepliaklqana
Makhleb
Okawaru
Ru
Sif Muna
Trog
Uskayaw
Vehumet
Xom

Shops:
D:2 (

Annotations:
D:3 Terence
D:5 1 transporter, exclusion: ice beast


Innate Abilities, Weirdness & Mutations

((You are very nimble when in or above water. (Stealth+, EV+, Speed+++)))
Your lower body shifts to a powerful aquatic tail in water.


Message History

The centaur shoots an arrow.
The arrow hits you.
The centaur shoots an arrow.
The arrow completely misses you.
The centaur shoots an arrow.
The arrow hits you.
The centaur shoots an arrow.
The arrow hits you!
You feel less wooden.
Your +0 cloak unmelds from your body.
Your +0 pair of gloves unmelds from your body.
Your +0 robe unmelds from your body.
The centaur shoots an arrow.
The arrow hits you.
The centaur shoots an arrow.
The arrow closely misses you.
The centaur shoots an arrow.
The arrow misses you.
You climb upwards.
There is a stone staircase leading down here.
You start resting.
HP restored.
You climb downwards.
Level annotation: 1 transporter, exclusion: ice beast
There is a stone staircase leading up here.
Unknown command.
The shadow imp grins evilly.
The centaur shoots an arrow.
The arrow hits you!
A water moccasin comes into view.
The water moccasin hisses angrily.
The centaur attacks as you move away!
The centaur unwields a +0 shortbow.
The centaur hits you. The centaur closely misses you.
The centaur wields a +0 shortbow.
The centaur shoots an arrow.
The arrow hits you!
* * * LOW HITPOINT WARNING * * *
The centaur shoots an arrow.
The arrow hits you!
* * * LOW HITPOINT WARNING * * *
The centaur shoots an arrow.
You block the arrow with an invisible shield... and reflect it back!
The arrow barely misses the centaur.
The centaur shoots an arrow.
The arrow barely misses you.
The centaur shoots an arrow.
The arrow hits you.
* * * LOW HITPOINT WARNING * * *
The centaur shoots an arrow.
The arrow hits you!
* * * LOW HITPOINT WARNING * * *
The centaur shoots an arrow.
The arrow hits you!
You die...

.......#..#$.#..~
#....##.#P.#≈≈≈
#.......#8P#o5.
#.....Sc#######
#...#..........
###.............
#......#...[....
###......+........
#........#@.......
#.................
#.................
#####....#........
#.##.#.....#######
#..#.#.....#.....# .
##+#..#.#...........# ..
#.......#...........# ...
#.......#.#.#.....###....


You could see a water moccasin, a centaur, an orc priest and a shadow imp.

Vanquished Creatures
  A black bear (D:5)
  A gnoll (D:3)
  8 adders
  2 worms
  2 dart slugs
  9 orcs
  8 ball pythons
  4 endoplasms
  3 giant cockroaches
  8 goblins
  5 hobgoblins
  9 kobolds
  3 quokkas
  4 bats
  2 frilled lizards (D:3)
  5 rats
74 creatures vanquished.

Notes
Turn   | Place    | Note
-------+----------+-------------------------------------------
     0 | D:1      | cdecastro the Merfolk Transmuter began the quest for the
                  | Orb.
     0 | D:1      | Reached XP level 1. HP: 15/15 MP: 3/3
   131 | D:1      | Reached XP level 2. HP: 21/21 MP: 3/5
   387 | D:1      | Reached skill level 4 in Unarmed Combat
   688 | D:2      | Found Biufunga's Weapon Emporium.
   869 | D:2      | Reached XP level 3. HP: 24/26 MP: 6/6
   947 | D:2      | Found a faded altar of an unknown god.
  1207 | D:2      | Reached XP level 4. HP: 32/32 MP: 5/7
  1583 | D:2      | Learned a level 2 spell: Wereblood
  1587 | D:2      | Learned a level 3 spell: Spider Form
  1832 | D:3      | Reached skill level 5 in Unarmed Combat
  1984 | D:3      | Noticed Terence
  2173 | D:3      | Reached XP level 5. HP: 37/37 MP: 6/8
  3110 | D:5      | Entered Level 5 of the Dungeon
  3111 | D:5      | Found a staircase to the Ecumenical Temple.
  3166 | Temple   | Entered the Ecumenical Temple
  3321 | Temple   | Became a worshipper of Ru the Awakened
  3333 | D:5      | Noticed an ice beast
  3413 | D:5      | Found a transporter.
  3430 | D:5      | Noticed a black bear
  3766 | D:5      | Killed a black bear
  3767 | D:5      | Reached skill level 6 in Unarmed Combat
  3767 | D:5      | Reached skill level 5 in Transmutations
  3767 | D:5      | Reached XP level 6. HP: 43/43 MP: 9/9
  3869 | D:5      | Noticed a water moccasin
  3876 | D:5      | HP: 2/43 [centaur/arrow (9)]
  3876 | D:5      | Shot with an arrow by a centaur

Illustrated notes

Levels and vault maps discovered:
D:1:      minmay_arrival_plants_in_alcoves, layout_rooms, minmay_hexomino_p4
D:2:      layout_loops_corners, serial_shops, nicolae_square_shop,
          chequers_ecumenical_altar_simple_redux
D:3:      minmay_bubble_buster, layout_loops_ring, uniq_terence
D:4:      layout_basic
D:5:      gammafunk_wand_slinger, layout_basic, grunt_temple_overflow_open,
          minmay_temple_entry_wispy
Temple:   hellmonk_temple_forest_ring

Skill      XL: |  1  2  3  4  5 |
---------------+----------------+-----
Transmutations | 3 4 5 |  5.1
Unarmed Combat | 4 5 6 |  6.3
Fighting       | |  1.1
Dodging        | |  2.6
Spellcasting   | |  2.0

Action                     |  1- 3 |  4- 6 || total
---------------------------+-------+-------++-------
  Melee: Unarmed           |    72 |   142 ||   214
         Headbutt          |    10 |    19 ||    29
         Punch             |     2 |     5 ||     7
   Cast: Beastly Appendage |    15 |    26 ||    41
    Use: Potion            |       |     1 ||     1
   Stab: Distracted        |       |     1 ||     1
         Sleeping          |       |     1 ||     1
 Armour: Robe              |     8 |    33 ||    41
         Skin              |       |     9 ||     9
  Dodge: Dodged            |    31 |    87 ||   118
  Block: Other             |    14 |    24 ||    38
         Reflection        |       |     2 ||     2
